 Dungeon Crawl Stone Soup version 0.22.1-1-ga44c0e5 (webtiles) character file.

23 MalarOregon the Slasher (level 2, -7/25 HPs)
             Began as a Minotaur Gladiator on Sept 21, 2018.
             Mangled by a kobold
             ... wielding a +0 whip of electrocution
              (19 damage)
             ... on level 1 of the Dungeon.
             The game lasted 00:00:44 (203 turns).

MalarOregon the Slasher (Minotaur Gladiator)         Turns: 203, Time: 00:00:45

Health: -7/25      AC:  3    Str: 18    XL:     2   Next: 72%
Magic:  1/1        EV: 13    Int:  5    God:
Gold:   25         SH:  0    Dex: 11    Spells: 1/1 levels left

rFire    . . .     SeeInvis .   a - +0 long sword
rCold    . . .     Gourm    .   (no shield)
rNeg     . . .     Faith    .   b - +0 leather armour
rPois    .         Spirit   .   c - +0 hat
rElec    .         Reflect  .   (no cloak)
rCorr    .         Harm     .   (no gloves)
MR       .....                  (no boots)
Stlth    +.........             (no amulet)
HPRegen  0.08/turn              (no ring)
MPRegen  0.07/turn              (no ring)

@: no status effects
A: retaliatory headbutt, horns 2
a: no special abilities


You were on level 1 of the Dungeon.
You were not hungry.

You visited 1 branch of the dungeon, and saw 1 of its levels.

You collected 25 gold pieces.

Inventory:

Hand Weapons
 a - a +0 long sword (weapon)
Missiles
 d - 3 throwing nets (quivered) {!f}
Armour
 b - a +0 leather armour (worn)
 c - a +0 hat (worn)
Scrolls
 g - a scroll of amnesia {unknown}
 h - a scroll of remove curse {unknown}
 i - a scroll of identify {unknown}
 j - a scroll of enchant armour {unknown}
 k - a scroll of fear {unknown}
Comestibles
 e - 2 rations {!d}
 f - 17 chunks of flesh


   Skills:
 + Level 2.7 Fighting
 * Level 4.1 Long Blades
 + Level 2.2 Throwing
 + Level 1.2 Armour
 + Level 3.5 Dodging


You had one spell level left.
You didn't know any spells.
Your spell library was empty.

Dungeon Overview and Level Annotations

Branches:
Dungeon (1/15)

Altars:


Innate Abilities, Weirdness & Mutations

You reflexively headbutt those who attack you in melee.
You have a pair of horns on your head.


Message History

No target in view!
No target in view!
No target in view!
No target in view!
No target in view!
No target in view!
No target in view!
No target in view!
No target in view!
You butcher the hobgoblin corpse.
f - 17 chunks of flesh (gained 3)
You see here a club. x2
There is a stone staircase leading down here.
Found 10 gold pieces.
You now have 25 gold pieces (gained 10).
A hobgoblin comes into view. It is wielding a club.
The hobgoblin shouts!
You hear a shout!
A hobgoblin comes into view. It is wielding a club.
The hobgoblin shouts!
There are monsters nearby!
There are monsters nearby!
A kobold comes into view.
The kobold shouts!
You hear a shout!
The hobgoblin barely misses you.
You barely miss the hobgoblin. The hobgoblin closely misses you.
A kobold comes into view. It is wielding a whip of electrocution.
You closely miss the hobgoblin. You headbutt the hobgoblin.
You kill the hobgoblin!
You closely miss the kobold. The hobgoblin hits you with a club.
The kobold barely misses you.
You hit the kobold. Your headbutt misses the kobold. The kobold hits you.
The hobgoblin closely misses you. You furiously retaliate!
You headbutt the hobgoblin.
You riposte.
You closely miss the hobgoblin. You hit the hobgoblin but do no damage.
Your headbutt misses the hobgoblin. The kobold misses you.
The hobgoblin hits you with a club.
You hit the hobgoblin.
You kill the hobgoblin!
The kobold closely misses you.
You riposte.
You barely miss the kobold. The kobold completely misses you.
The kobold closely misses you.
You riposte.
You closely miss the kobold. You hit the kobold.
The kobold hits you but does no damage.
The kobold hits you with a whip of electrocution.
* * * LOW HITPOINT WARNING * * *
You barely miss the kobold. The kobold misses you. You furiously retaliate!
You headbutt the kobold.
You kill the kobold!
You closely miss the kobold. The kobold hits you but does no damage.
You are electrocuted!
Ouch! That really hurt!
You die...

#.#..>####.#
...#........#
.....#..PP.P.##
..##
#...P♣.P.## ..
#..P.♣♣P..##
#..(.PP♣.P.#
#.##P.P.♣P.##
#.......P♣P.#
#@##.....P♣P#
#K######..PP#
♣..))# ######
♣....# ♣..♣.#
♣♣♣♣.# ..# ..#
#.#


You could see a kobold.

Vanquished Creatures
  A leopard gecko (D:1)
  2 giant cockroaches (D:1)
  4 goblins (D:1)
  5 hobgoblins (D:1)
  2 kobolds (D:1)
  3 bats (D:1)
  A rat (D:1)
18 creatures vanquished.

Notes
Turn   | Place    | Note
-------+----------+-------------------------------------------
     0 | D:1      | MalarOregon the Minotaur Gladiator began the quest for the
                  | Orb.
     0 | D:1      | Reached XP level 1. HP: 18/18 MP: 0/0
   102 | D:1      | Reached XP level 2. HP: 18/25 MP: 1/1
   110 | D:1      | Reached skill level 4 in Long Blades
   121 | D:1      | Reached skill level 1 in Armour
   203 | D:1      | Mangled by a kobold

Skill      XL: |  1  2 |
---------------+-------+-----
Long Blades    | 4 |  4.1
Armour         | 1 |  1.2
Fighting       | |  2.7
Throwing       | |  2.2
Dodging        | |  3.5

Action                   || total
-------------------------++-------
Melee: Long sword        ||    26
       Headbutt          ||     4
Armor: Leather armour    ||     8
Dodge: Dodged            ||    18
       Rpst.: Long sword ||     7
